 Dungeon Crawl Stone Soup version 0.31-a0-1074-g0b22e4e0f1 (webtiles) character file.

Game seed: 9025099418267989289

133 LeprechaunX the Changeling (level 5, 0/35 HPs)
             Began as an Octopode Shapeshifter on Nov 27, 2023.
             Slain by a gnoll
             ... wielding a +0 spear
              (2 damage)
             ... on level 3 of the Dungeon.
             The game lasted 00:01:59 (1850 turns).

LeprechaunX the Changeling (Octopode Shapeshifter)  Turns: 1850, Time: 00:02:00

Health: 0/35       AC:  1    Str: 14    XL:     5   Next: 16%
Magic:  5/5        EV: 13    Int: 12    God:
Gold:   96         SH:  5    Dex: 19    Spells: 4/4 levels left

rFire   . . .        k - +5 short sword of Massacring {heavy, rC- rN++ Dex+6}
rCold   x . .        (no shield)
rNeg    + + .        (helmet currently unavailable)
rPois   .            p - amulet of reflection
rElec   .            (no ring)
rCorr   .            (no ring)
SInv    .            (no ring)
Will    .....        (no ring)
Stlth   +++          (no ring)
HPRegen 0.25/turn    (no ring)
MPRegen 0.09/turn    (no ring)
                     (no ring)

%: reflection
@: beast-form
A: beast (slay +2), almost no armour, amphibious, 8 rings, camouflage 1,
gelatinous body 1, (nimble swimmer 1), tentacles
a: Begin Untransformation


You were on level 3 of the Dungeon.
You were a hulking beast.
You visited 1 branch of the dungeon, and saw 3 of its levels.

You collected 96 gold pieces.

Inventory:

Hand Weapons
 e - a +0 sling
 k - the +5 short sword of Massacring (weapon) {heavy, rC- rN++ Dex+6}
   (You took it off a kobold on level 2 of the Dungeon)

   Dex+6:     It affects your dexterity (+6).
   rC-:       It makes you vulnerable to cold.
   rN++:      It greatly protects you from negative energy.
Jewellery
 m - an amulet of the acrobat
 p - an amulet of reflection (around mantle)
Talismans
 b - a beast talisman
 c - a flux talisman
Wands
 o - a wand of iceblast (5)
Scrolls
 d - a scroll of silence {unknown}
 f - 2 scrolls of noise {unknown}
 i - a scroll of identify {unknown}
 j - a scroll of amnesia {unknown}
 l - a scroll of teleportation {unknown}
Potions
 a - a potion of lignification
 g - a potion of mutation {unknown}
 h - a potion of invisibility {unknown}
 n - a potion of curing {unknown}


   Skills:
 + Level 2.4 Fighting
 - Level 2.0 Dodging
 + Level 3.7 Unarmed Combat
 + Level 0.5 Evocations
 * Level 4.3 Shapeshifting


You had 4 spell levels left.
You didn't know any spells.
Your spell library was empty.

Dungeon Overview and Level Annotations

Branches:
Dungeon (3/15)

Altars:
Sif Muna

Shops:
D:2 *


Innate Abilities, Weirdness & Mutations

You are a hulking beast.
Your limbs bulge with bestial killing power. (Slay +2)
You cannot wear most types of armour.
You are amphibious.
You can wear up to eight rings at the same time.
Your skin changes colour to match your surroundings (Stealth+).
Your rubbery body absorbs attacks. (AC +1, EV +1)
((You are camouflaged when in or above water. (Stealth+)))
You have tentacles for arms and can constrict up to eight enemies at once.


Message History

An endoplasm is nearby!
A gnoll comes into view.
It is wielding a +0 spear. 2 gnolls come into view.
Found a scroll labelled VETICSAINU.
The gnoll shouts! x2; You hear a shout!
The endoplasm quivers.
The gnoll barely misses you.
A gnoll comes into view. It is wielding a +0 flail.
The gnoll hits you from afar with a +0 halberd!
You hit the gnoll. Your grab misses the gnoll. You squeeze the gnoll!
The gnoll is severely wounded.
The endoplasm freezes you.
You are frozen.
You feel a terrible chill! The gnoll hits you with a +0 spear!
You block the gnoll's attack.
You are too injured to fight recklessly!
You are too injured to fight recklessly!
You are too injured to fight recklessly!
You are too injured to fight recklessly!
You are too injured to fight recklessly!
You are too injured to fight recklessly!
You are too injured to fight recklessly!
You are too injured to fight recklessly!
You are too injured to fight recklessly!
You are too injured to fight recklessly!
You are too injured to fight recklessly!
You are too injured to fight recklessly!
Unknown command.
The gnoll misses you. The gnoll attacks as it pursues you!
The gnoll hits you but does no damage. The gnoll attacks as it pursues you!
The gnoll closely misses you.
You see here a scroll labelled QYMUID YFAL.
The gnoll attacks as it pursues you!
The gnoll hits you from afar with a +0 halberd!
* * * LOW HITPOINT WARNING * * *
Found 9 gold pieces.
The gnoll attacks as it pursues you! You block the gnoll's attack.
A goblin comes into view. It is wielding a +0 club.
The gnoll attacks as it pursues you!
The gnoll hits you from afar with a +0 spear.
You die...

≈≈≈#..#.<#......# ...
≈~##........######.#.#
.####.......####.#.#.#
..#
#....>...........###
.##
#.................. ..
........####.#...#
....#.#.##...........#
....#^#. #..J....#...#
. # #.gg.ggh.?..#
#..###......# #..#
#......$# #...
........g.
.....###....###
#####.# #...# #.# ...#
.. .... ..


You could see 4 gnolls, an endoplasm and a goblin (asleep).

Vanquished Creatures
  3 gnolls (D:3)
  4 adders
  A worm (D:2)
  9 dart slugs
  3 endoplasms (D:2)
  3 giant cockroaches
  5 goblins
  3 hobgoblins
  2 quokkas (D:1)
  5 ball pythons
  4 bats
  A frilled lizard (D:2)
  4 kobolds
  3 rats
50 creatures vanquished.

Notes
Turn   | Place    | Note
-------+----------+-------------------------------------------
     0 | D:1      | LeprechaunX the Octopode Shapeshifter began the quest for
                  | the Orb.
     0 | D:1      | Reached XP level 1. HP: 13/13 MP: 1/1
   191 | D:1      | Reached XP level 2. HP: 18/18 MP: 2/2
   780 | D:2      | Reached XP level 3. HP: 19/23 MP: 3/3
   965 | D:2      | Identified the +5 short sword of Massacring {heavy, rC-
                  | rN++ Dex+6}
  1310 | D:2      | Reached XP level 4. HP: 29/29 MP: 4/4
  1436 | D:2      | Found Eghean's Assorted Antiques.
  1614 | D:3      | Reached skill level 4 in Shapeshifting
  1744 | D:3      | Found a shimmering blue altar of Sif Muna.
  1750 | D:3      | Reached XP level 5. HP: 23/35 MP: 5/5
  1847 | D:3      | HP: 1/35 [gnoll/+0 halberd (12)]
  1850 | D:3      | Slain by a gnoll

Illustrated notes

Levels and vault maps discovered:
D:1:      dpeg_arrival_tiny_e, layout_loops_ring, chequers_serial_rivers_micro_d
D:2:      layout_basic, serial_shops, shop, hangedman_decor_lopped
D:3:      kennysheep_slugbush, layout_basic, nicolae_sif_muna_condensation,
          grunt_gozag_statues, chequers_mini_garden, uniq_sigmund, uniq_grinder

Skill      XL: |  1  2  3  4 |
---------------+-------------+-----
Fighting       | 2 |  2.4
Shapeshifting  | 4 |  4.3
Dodging        | |  2.0
Unarmed Combat | |  3.7
Evocations     | |  0.5

Action                     |  1- 3 |  4- 6 || total
---------------------------+-------+-------++-------
  Melee: Unarmed           |    46 |       ||    46
         Constrict         |    15 |     7 ||    22
         Tentacles         |    13 |     7 ||    20
         Short sword       |    13 |    21 ||    34
         Punch             |     1 |     1 ||     2
   Stab: Sleeping          |    10 |     4 ||    14
 Armour: Skin              |    19 |    15 ||    34
  Dodge: Dodged            |    25 |    17 ||    42
  Block: Other             |       |     2 ||     2

Table legend: (Time is in decaauts)
 A = Elapsed time spent in this place.
 B = Non-inter-level travel time spent in this place.
 C = Inter-level travel time spent in this place.
 D = Time resting spent in this place.
 E = Time spent auto-exploring this place.
 F = Levels seen in this place.
 G = Mean time per level.
                   A        B        C        D        E       F      G
               +--------+--------+--------+--------+--------+-----+--------+
         Total |   1863 |   1800 |     63 |    139 |   1348 |   3 |  621.0 |
       Dungeon |   1863 |   1800 |     63 |    139 |   1348 |   3 |  621.0 |
               +--------+--------+--------+--------+--------+-----+--------+

Top non-repeatable levels by time:
     D:2: 984 daAuts
     D:1: 621 daAuts
     D:3: 257 daAuts
